 Dungeon Crawl Stone Soup version 0.29-a0-993-g4a18f31a58 (webtiles) character file.

Game seed: 2664254313355023519

488 IdlyInterested the Twirler (level 6, 0/47 HPs)
             Began as a Demonspawn Gladiator on Aug 2, 2022.
             Succumbed to an adder's poison
             ... on level 4 of the Dungeon.
             The game lasted 00:09:41 (4042 turns).

IdlyInterested the Twirler (Demonspawn Gladiator)   Turns: 4042, Time: 00:09:42

Health: 0/47       AC: 10    Str: 15    XL:     6   Next: 90%
Magic:  6/6        EV: 11    Int: 11    God:
Gold:   305        SH:  0    Dex: 20    Spells: 5/5 levels left

rFire   . . .      SeeInvis .   v - +3 quarterstaff
rCold   + . .      Faith    .   (shield currently unavailable)
rNeg    . . .      Spirit   .   y - +0 scale mail
rPois   .          Reflect  .   o - +0 helmet
rElec   .          Harm     .   l - scarf {repulsion}
rCorr   .          Rampage  .   (no gloves)
Will    .....                   h - +1 pair of boots
Stlth   ..........              (no amulet)
HPRegen 0.15/turn               k - +6 ring of dexterity
MPRegen 0.10/turn               x - ring of protection from cold

@: lethally poisoned (0 -> -7), flying, repel missiles
A: ignite blood 1, weakness stinger 2
a: no special abilities


You were on level 4 of the Dungeon.
You visited 1 branch of the dungeon, and saw 4 of its levels.
You also visited: Sewer.

You collected 305 gold pieces.

Inventory:

Hand Weapons
 a - a +1 quarterstaff
 g - a +0 quarterstaff
 s - the +12 short sword of Ususy {antimagic, Int+3}
   (You found it on level 4 of the Dungeon)

   It reduces the magical energy of the wielder, and disrupts the spells and
   magical abilities of those it strikes.
   Natural abilities and divine invocations are not affected.
   Int:       It affects your intelligence (+3).
 v - a +3 quarterstaff (weapon)
Missiles
 d - 3 throwing nets
 e - a javelin
 u - 6 poisoned darts
Armour
 b - a +0 leather armour
 c - a +0 plate armour
 h - a +1 pair of boots (worn)
 l - a scarf of repulsion (worn)
 o - a +0 helmet (worn)
 y - a +0 scale mail (worn)
Magical Staves
 m - a staff of cold
Jewellery
 k - a +6 ring of dexterity (left hand)
 x - a ring of protection from cold (right hand)
Wands
 i - a wand of flame (13) (quivered)
 w - a wand of polymorph (3)
Scrolls
 f - a scroll of blinking
 j - a scroll of enchant armour
 t - a scroll of enchant weapon
 z - a scroll of fear
Potions
 n - 2 potions of magic
 q - a potion of might


   Skills:
 - Level 3.0 Fighting
 + Level 5.9 Staves
 - Level 1.7 Throwing
 - Level 3.0 Armour
 - Level 3.0 Dodging


You had 5 spell levels left.
You didn't know any spells.
Your spell library contained the following spells:

 Spells                   Type           Power      Damage    Failure   Level
 Foxfire                  Conj/Fire      0%         2x1d4     80%         1
 Shock                    Conj/Air       0%         1d3       80%         1
 Sting                    Tmut/Pois      0%         1d3       80%         1
 Poisonous Vapours        Pois/Air       0%         N/A       90%         2
 Conjure Flame            Conj/Fire      0%         6-21      99%         3
 Gell's Gravitas          Tloc           0%         N/A       99%         3
 Inner Flame              Hex/Fire       0%         N/A       99%         3
 Lesser Beckoning         Tloc           0%         N/A       99%         3
 Teleport Other           Tloc           0%         N/A       99%         3
 Airstrike                Air            0%         2d(0-16)  100%        4
 Animate Armour           Summ/Erth      0%         N/A       100%        4
 Flame Wave               Conj/Fire      0%         2d4       100%        4
 Olgreb's Toxic Radiance  Pois           0%         N/A       100%        4
 Blade Hands              Tmut           0%         N/A       100%        5
 Manifold Assault         Tloc           0%         N/A       100%        5
 Silence                  Hex/Air        0%         N/A       100%        5
 Summon Forest            Summ/Tloc      0%         N/A       100%        5
 Iron Shot                Conj/Erth      0%         9d1       100%        6


Dungeon Overview and Level Annotations

Branches:
Dungeon (4/15)              Sewer (visited)
 Temple: D:4-7

Altars:
Uskayaw


Innate Abilities, Weirdness & Mutations

Your demonic aura sometimes causes spilled blood to erupt in flames.
You have a tail ending in a sharp stinger.


Message History

You feel very sick. The orc hits you but does no damage.
You are more poisoned.
The orc barely misses you.
You barely miss the orc.
You feel very sick. The orc barely misses you.
The orc hits you but does no damage.
You thump the orc!
You kill the orc!
You feel very sick. The orc closely misses you.
You sock the adder!
The adder is severely wounded.
You feel very sick. The adder bites you.
* * * LOW HITPOINT WARNING * * *
You are lethally poisoned!
The adder poisons you! The orc completely misses you.
The adder barely misses you.
You barely miss the adder.
The adder is severely wounded.
* * * LOW HITPOINT WARNING * * *
You feel very sick. The orc hits you with a +0 short sword.
* * * LOW HITPOINT WARNING * * *
The adder closely misses you.
It was a potion of flight.
You feel very buoyant.
You fly up into the air.
* * * LOW HITPOINT WARNING * * *
You feel very sick. The orc closely misses you.
The adder bites you but does no damage.
Okay, then.
You miss the adder. You tail-slap the adder.
You kill the adder!
* * * LOW HITPOINT WARNING * * *
You feel sick. The orc hits you but does no damage.
You sock the orc!
You kill the orc!
You die...

.# #.## #..# ##..#
#.(.#### #......###
##>=.......
##)......... ###
##@☼......?..
#..######.)#..)......
#....##..##......<..
#.....###.........
##....## ##........
#.....## #........
#......# #........
#......## #........
#.......#


There were no monsters in sight!

Vanquished Creatures
  A water moccasin (Sewer)
  An ogre (D:4)
  A necrophage (D:3)
  A jelly (D:3)
  Jessica (D:2)
  An iguana (D:4)
  Robin (D:3)
  3 gnolls (D:3)
  3 adders
  A white imp (D:4)
  2 worms
  A dart slug (D:2)
  3 orcs (D:4)
  2 ball pythons
  5 endoplasms
  7 giant cockroaches
  15 goblins
  7 hobgoblins
  7 jackals
  4 kobolds
  2 quokkas
  2 bats
  2 frilled lizards
  3 rats
76 creatures vanquished.

Notes
Turn   | Place    | Note
-------+----------+-------------------------------------------
     0 | D:1      | IdlyInterested the Demonspawn Gladiator began the quest for
                  | the Orb.
     0 | D:1      | Reached XP level 1. HP: 16/16 MP: 1/1
   747 | D:1      | Reached skill level 3 in Staves
   755 | D:1      | Gained mutation: Your demonic aura sometimes causes spilled
                  | blood to erupt in flames. [demonic ancestry]
   755 | D:1      | Reached XP level 2. HP: 23/23 MP: 2/2
  1270 | D:2      | Got the Secrets of Twisted Embers
  1434 | D:2      | Found a faded altar of an unknown god.
  1472 | D:2      | Gained mutation: You have a small tail. [demonic ancestry]
  1472 | D:2      | Reached XP level 3. HP: 28/28 MP: 3/3
  1538 | D:2      | Noticed Jessica
  1544 | D:2      | Killed Jessica
  2101 | D:3      | Found a glowing drain.
  2104 | D:3      | Gained mutation: You have a tail ending in a sharp stinger.
                  | [demonic ancestry]
  2104 | D:3      | Reached XP level 4. HP: 32/35 MP: 4/4
  2112 | Sewer    | Entered a sewer
  2210 | Sewer    | Noticed a water moccasin
  2220 | Sewer    | Killed a water moccasin
  2221 | Sewer    | Reached skill level 4 in Staves
  2221 | Sewer    | Reached XP level 5. HP: 41/41 MP: 5/5
  2611 | D:3      | Reached XP level 6. HP: 35/47 MP: 6/6
  2720 | D:3      | Noticed Robin
  2743 | D:3      | Killed Robin
  2744 | D:3      | Reached skill level 5 in Staves
  3008 | D:3      | Found a hide-covered altar of Uskayaw.
  3443 | D:4      | Identified the +12 short sword of Ususy {antimagic, Int+3}
  3730 | D:4      | Got the Meditations on the Welkin
  4041 | D:4      | HP: 2/47 [poisoned by an adder]
  4042 | D:4      | Succumbed to an adder's poison

Illustrated notes

Levels and vault maps discovered:
D:1:      wander_arrival_abandoned_jail, layout_loops_corners,
          minmay_tetromino_l2
D:2:      layout_loops_ring, hellmonk_ecumenical_altar_zigzags, uniq_jessica
D:3:      minmay_door_path, layout_basic, mainiacjoe_overflow_24_doors,
          portal_sewer_entry_d, uniq_robin
D:4:      layout_cave_pods, columned_hall_lemuel

Skill      XL: |  1  2  3  4  5  6 |
---------------+-------------------+-----
Staves         | 3 4 5 |  5.9
Fighting       | 3 |  3.0
Armour         | 2 3 |  3.0
Dodging        | 3 |  3.0
Throwing       | |  1.7

Action                   |  1- 3 |  4- 6 || total
-------------------------+-------+-------++-------
Melee: Quarterstaff      |    68 |   105 ||   173
       Tailslap          |     2 |    19 ||    21
Evoke: Wand              |       |     2 ||     2
  Use: Scroll            |     6 |     6 ||    12
       Potion            |       |     2 ||     2
 Stab: Sleeping          |       |     1 ||     1
Armor: Leather armour    |    13 |    26 ||    39
       Scale mail        |       |    18 ||    18
Dodge: Dodged            |    46 |    96 ||   142

Table legend: (Time is in decaauts)
 A = Elapsed time spent in this place.
 B = Non-inter-level travel time spent in this place.
 C = Inter-level travel time spent in this place.
 D = Time resting spent in this place.
 E = Time spent auto-exploring this place.
 F = Levels seen in this place.
 G = Mean time per level.
                   A        B        C        D        E       F      G
               +--------+--------+--------+--------+--------+-----+--------+
         Total |   4084 |   3702 |    382 |    509 |   2147 |   5 |  816.8 |
       Dungeon |   3905 |   3523 |    382 |    475 |   2117 |   4 |  976.2 |
         Sewer |    178 |    178 |      0 |     34 |     30 |   1 |  178.0 |
               +--------+--------+--------+--------+--------+-----+--------+

Top non-repeatable levels by time:
     D:3: 1396 daAuts
     D:1: 1202 daAuts
     D:2: 800 daAuts
     D:4: 505 daAuts
   Sewer: 178 daAuts
